 Dungeon Crawl Stone Soup version 0.30.0-29-ga12c61a403 (webtiles) character file.

Game seed: 18446134884203273868

80 qw the Chopper (level 4, -2/28 HPs)
             Began as a Gargoyle Fighter on June 3, 2023.
             Slain by Terence
             ... wielding a +2 flail of draining
              (11 damage)
             ... on level 2 of the Dungeon.
             The game lasted 00:00:46 (1176 turns).

qw the Chopper (Gargoyle Fighter)                   Turns: 1176, Time: 00:00:46

Health: -2/28      AC: 10    Str: 21    XL:     4   Next: 39%
Magic:  4/4        EV:  9    Int:  9    God:
Gold:   110        SH:  4    Dex:  9    Spells: 3/3 levels left

rFire   . . .        Y - +0 war axe
rCold   . . .        c - +0 buckler
rNeg    + . .        b - +0 scale mail
rPois   inf          (no helmet)
rElec   +            (no cloak)
rCorr   .            (no gloves)
SInv    .            (no boots)
Will    .....        (no amulet) Stlth
                     (no ring)
HPRegen 0.24/turn    (no ring)
MPRegen 0.09/turn

%: no passive effects
@: no status effects
A: sickness immunity, AC +3, negative energy resistance 1, electricity
resistance, torment resistance 1, petrification resistance
a: no special abilities


You were on level 2 of the Dungeon.
You visited 1 branch of the dungeon, and saw 2 of its levels.

You collected 140 gold pieces.
You spent 30 gold pieces at shops.


Innate Abilities, Weirdness & Mutations

You are immune to sickness and miasma.
Your stone body is resilient. (AC +3)
You are immune to poison.
You resist negative energy. (rN+)
You are resistant to electric shocks. (rElec)
You are resistant to unholy torment.
You are immune to petrification.


   Skills:
 - Level 3.2 Fighting
 + Level 4.1 Axes
 - Level 3.2 Armour
 - Level 3.2 Shields


You had 3 spell levels left.
You didn't know any spells.
Your spell library was empty.

Inventory:

Hand Weapons
 j - a +0 whip
 Y - a +0 war axe (weapon)
Armour
 b - a +0 scale mail (worn)
 c - a +0 buckler (worn)
Jewellery
 i - a ring of magical power
 l - a ring of see invisible
Scrolls
 a - a scroll of identify
 h - a scroll of fog {unknown}
Potions
 d - a potion of might
 e - a potion of brilliance {unknown}
 f - a potion of attraction {unknown}
 g - a potion of curing
 k - 2 potions of degeneration {unknown}

Dungeon Overview and Level Annotations

Branches:
Dungeon (2/15)

Altars:

Shops:
D:1 !

Annotations:
D:2 Terence


Message History

Enter note:
Enter note:
Enter note:
Enter note:
Enter note:
Enter note:
Enter note:
Enter note: You slash the rat!
You kill the rat!
You slash Terence!
Terence is moderately wounded.
Terence hits you but does no damage.
You hit Terence but do no damage.
Terence is moderately wounded.
Terence hits you but does no damage.
You closely miss Terence.
Terence is moderately wounded.
Terence closely misses you.
You closely miss Terence.
Terence is moderately wounded.
You block Terence's attack. Terence hits you but does no damage.
You hit Terence but do no damage.
Terence is moderately wounded.
You block Terence's attack.
You hit Terence.
Terence is moderately wounded.
Terence hits you with a +2 flail of draining!
You barely miss Terence.
Terence is moderately wounded.
Terence hits you with a +2 flail of draining.
Terence says, "Rest in peace."
Terence hits you with a +2 flail of draining!
You barely miss Terence.
Terence is moderately wounded.
Terence misses you.
You barely miss Terence.
Terence is moderately wounded.
Terence hits you with a +2 flail of draining!
You die...

########## #........#
######.##.....#
.[..~.~.7.~...######
##.)....~...........
....7~~~~.....###### .
.####~.~.....## ...
##..[~~~..~~.######.....
.....~..~~......@@......
##~~~~..~.~.#...####?...
#####.....~~..### .
#..~.~~~~~.#.#
##..~~....##.# #.#
####.##.#.###.# #.# .#
#.#..#.# #.## #.#
.###...##.# #..# #.#
......# #.####.### #.#


You could see Terence.

Vanquished Creatures
  4 adders (D:2)
  A dart slug (D:2)
  A bat (D:1)
  5 endoplasms
  2 giant cockroaches (D:1)
  3 hobgoblins
  4 kobolds (D:1)
  2 quokkas
  5 ball pythons
  A frilled lizard (D:2)
  8 goblins
  3 rats
39 creatures vanquished.

Notes
Turn   | Place    | Note
-------+----------+-------------------------------------------
     0 | D:1      | qw the Gargoyle Fighter began the quest for the Orb.
     0 | D:1      | Reached XP level 1. HP: 14/14 MP: 1/1
     0 | D:1      | 0 ||| qw: Version: 0.2-a-103-g5a998e5
     0 | D:1      | 0 ||| qw: Game counter: 1052
     0 | D:1      | 0 ||| qw: Always use a shield: true
     0 | D:1      | 0 ||| qw: God list: Okawaru
     0 | D:1      | 0 ||| qw: Allow faded altars: false
     0 | D:1      | 0 ||| qw: Do Orc after D:15 true
     0 | D:1      | 0 ||| qw: Do second Lair branch before Depths: true
     0 | D:1      | 0 ||| qw: Lair rune preference: random
     0 | D:1      | 0 ||| qw: Plans: Normal, Zot:1-4, Slime:5, God:TSO, Crypt,
                  | Tomb, Pan, Hells, Abyss, Win
     0 | D:1      | 0 ||| PLANNING D:1-11
    37 | D:1      | 37 ||| READING scroll labelled MOOCUFR QENU.
    45 | D:1      | Reached skill level 2 in Axes
   124 | D:1      | Found a faded altar of an unknown god.
   147 | D:1      | Reached XP level 2. HP: 18/19 MP: 2/2
   173 | D:1      | Found Fuxtagat's Distillery.
   184 | D:1      | 184 ||| BUYING potion of curing (30 gold).
   184 | D:1      | Bought a potion of curing for 30 gold pieces
   184 | D:1      | 184 ||| SHOPLISTING potion of heal wounds (50 gold, have
                  | 0).
   184 | D:1      | 184 ||| SHOPLISTING potion of might (40 gold, have 0).
   184 | D:1      | 184 ||| SHOPLISTING potion of mutation (80 gold, have 0).
   613 | D:1      | Reached skill level 3 in Axes
   704 | D:1      | 704 ||| DROPPING +0 club.
   777 | D:1      | 777 ||| READING scroll labelled PAURYU CAZEATS.
   778 | D:1      | 778 ||| READING scroll labelled CIZAWO YRCHU.
   805 | D:2      | Reached XP level 3. HP: 23/23 MP: 3/3
   917 | D:2      | 917 ||| Stepping ~*~*~tactically~*~*~ (stealth).
   979 | D:2      | Reached XP level 4. HP: 25/28 MP: 4/4
  1089 | D:2      | Reached skill level 4 in Axes
  1163 | D:2      | Noticed Terence
  1176 | D:2      | Slain by Terence

Levels and vault maps discovered:
D:1:      spicycebolla_green_bress_n_ham_2, layout_loops_ring,
          dreamdust_ecumenical_altar_grove, serial_shops, shop
D:2:      layout_rooms, chequers_serial_rivers_marsh, dreamdust_princess_bridge,
          uniq_terence

Skill      XL: |  1  2  3  4 |
---------------+-------------+-----
Axes           | 2 3 4 |  4.1
Fighting       | |  3.2
Armour         | |  3.2
Shields        | |  3.2

Action                     |  1- 3 |  4- 6 || total
---------------------------+-------+-------++-------
  Melee: War axe           |   106 |    33 ||   139
    Use: Scroll            |     3 |       ||     3
 Armour: Scale mail        |    45 |    20 ||    65
  Dodge: Dodged            |    45 |    15 ||    60
  Block: Buckler           |    19 |     8 ||    27

Table legend:
 A = Non-vault XP
 B = Vault XP
 C = Vault XP percentage of total XP
 D = Non-vault monster count
 E = Vault monster count
 F = Vault count percentage of total count
                 A         B        C        D         E       F
            +---------+---------+-------+---------+---------+-------
      Total |     115 |       0 |   0.0 |      39 |       0 |   0.0
            +---------+---------+-------+---------+---------+-------
        D:1 |      32 |       0 |   0.0 |      20 |       0 |   0.0
        D:2 |      83 |       0 |   0.0 |      19 |       0 |   0.0
            +---------+---------+-------+---------+---------+-------
